cohdb
Replays
Latest Replays
All Replays
Popular Replays
Top Player Replays
Match Explorer
How It Works
Community
CoH3 Stats
Reddit
Sign in to upload your games and track your stats! →
Sign in with Steam
Match 41214145
Unlisted
Match 41214145
Overview
Messages
Build Orders
End
Construct Infanterie Kompanie
Pioneer Squad
Selects Terror Battlegroup
Selects Machine Gun Camouflage
MG 42 Machine Gun Team
Grenadier Squad
Grenadier Squad
Infanterie Officer Quarters
Grenadier Squad
Selects Contempt for the Weak
Construct Luftwaffe Kompanie
GrW 34 Mortar Team
221 Scout Car
Jäger Squad
Support Elements
Selects No Quarter
Wirbelwind Flakpanzer
Marder III M Tank Destroyer
Kettenkrad Recon Vehicle
Luftwaffe Officer Quarters
Marder III M Tank Destroyer
Grenadier Squad
Kettenkrad Recon Vehicle
Marder III M Tank Destroyer
Luftwaffe Officer Quarters
Marder III M Tank Destroyer
Wirbelwind Flakpanzer
Pioneer Squad
Kettenkrad Recon Vehicle
Selects King Tiger Heavy Tank
King Tiger Heavy Tank
Construct Panzer Kompanie
Selects Jericho Trumpet
Selects V1 Rocket Strike
Stoßtruppen Squad
King Tiger Heavy Tank
V1 Rocket Strike
Jericho Trumpet
Panzer Officer Quarters
Pioneer Squad
Jäger Squad
V1 Rocket Strike
Jericho Trumpet
Pioneer Squad
Russian Drill
Govnoed
Von Strachwitz
Khayyam
Corpse
Barbar Jinks
0
0
Comments
sign in to comment!
No comments posted yet!